 Dungeon Crawl Stone Soup version 0.27.1-15-g792fb953b9 (webtiles) character file.

Game seed: 2170287099347791672

149 styxcanada the Covert (level 5, -8/26 HPs)
             Began as a Spriggan Brigand on Nov 19, 2021.
             Mangled by an orc warrior (17 damage)
             ... on level 4 of the Dungeon.
             The game lasted 00:11:18 (3507 turns).

styxcanada the Covert (Spriggan Brigand)            Turns: 3507, Time: 00:11:19

Health: -8/26      AC:  4    Str:  7    XL:     5   Next: 9%
Magic:  7/7        EV: 17    Int: 12    God:
Gold:   78         SH:  0    Dex: 18    Spells: 3/6 levels left

rFire    . . .     SeeInvis +   m - +4 short sword (venom)
rCold    . . .     Faith    .   (shield restricted)
rNeg     . . .     Spirit   .   b - +0 robe
rPois    .         Reflect  .   k - +1 hat
rElec    .         Harm     .   c - +0 cloak
rCorr    .         Rampage  .   (gloves unavailable)
Will     .....                  (boots unavailable)
Stlth    ++++......             f - amulet of the acrobat
HPRegen  0.08/turn              (no ring)
MPRegen  0.10/turn              (no ring)

@: weak-willed, very quick
A: very small, no large weapons, unfitting armour, see invisible, speed 3
a: no special abilities


You were on level 4 of the Dungeon.
You visited 1 branch of the dungeon, and saw 4 of its levels.

You collected 78 gold pieces.

Inventory:

Hand Weapons
 a - a +2 dagger
 m - a +4 short sword of venom (weapon)
 n - a +0 hunting sling
Missiles
 e - 2 curare-tipped darts
 g - 66 stones
 h - 7 poisoned darts (quivered)
Armour
 b - a +0 robe (worn)
 c - a +0 cloak (worn)
 k - a +1 hat (worn)
Jewellery
 f - an amulet of the acrobat (around neck)
Scrolls
 d - a scroll of vulnerability
 i - a scroll of enchant weapon
 j - a scroll of amnesia {unknown}
 l - 2 scrolls of identify {unknown}
 o - 2 scrolls of teleportation {unknown}
 p - 2 scrolls of fear
 q - 3 scrolls of magic mapping {unknown}
Potions
 r - a potion of heal wounds {unknown}


   Skills:
 * Level 2.0 Fighting
 + Level 2.6 Short Blades
 + Level 2.3 Throwing
 * Level 2.7 Dodging
 * Level 8.1 Stealth
 * Level 1.2 Spellcasting


You had 3 spell levels left.
You knew the following spells:

 Your Spells              Type           Power      Damage    Failure   Level
a - Confusing Touch       Hex            0%         N/A       65%         3

Your spell library contained the following spells:

 Spells                   Type           Power      Damage    Failure   Level
 Slow                     Hex            0%         N/A       41%         2
 Vampiric Draining        Necr           0%         2d6       65%         3
 Leda's Liquefaction      Hex/Erth       0%         N/A       96%         4
 Bolt of Magma            Conj/Fire/Erth 0%         4d4       100%        5
 Statue Form              Tmut/Erth      0%         N/A       100%        6


Dungeon Overview and Level Annotations

Branches:
Dungeon (4/15)
 Temple: D:4-7

Altars:


Innate Abilities, Weirdness & Mutations

You are very small and have problems with some larger weapons.
You are too small for most types of armour.
You have supernaturally acute eyesight. (SInv)
You cover ground extremely quickly. (Speed+++)


Message History

Done exploring.
(D) Dungeon
Where to? (Enter - D:3, ? - help)
What level of the Dungeon? (default 1, ? - help)
You see here a +0 morningstar.
You see here a +0 flail.
You see here a +0 flail.
Things that are here:
a +0 dagger; a +0 robe
There is a stone staircase leading down here.
You climb downwards.
You hear the sound of rushing water.
There is an entrance to a sewer on this level.
Hurry and find it before the portal rusts away!
Found 17 stones.
There is a stone staircase leading up here.
As you read the scroll labelled FOTHIR ORUNUN, it crumbles to dust.
Magic quickly surges around you.
It was a scroll of vulnerability.
As you read the scroll labelled ULYJIE HUG PAB, it crumbles to dust.
It is a scroll of enchant weapon.
Your +3 short sword of venom glows red for a moment.
An orc warrior and an orc wizard come into view.
The orc warrior shouts!
An orc comes into view. It is wielding a +1 whip of distortion.
The orc wizard moves out of view.
A goblin comes into view. It is wielding a +0 dagger.
You closely miss the orc warrior.
The orc warrior hits you with a +0 war axe!
Ouch! That really hurt!
The orc wizard shouts!
The orc shouts!
You puncture the orc warrior!
The orc warrior is poisoned.
The orc warrior is moderately wounded.
The orc warrior closely misses you.
You hit the orc warrior.
The orc warrior looks as sick as possible!
The orc warrior is heavily wounded.
The orc wizard gestures wildly while chanting.
The orc wizard flickers and vanishes for a moment.
The orc warrior hits you with a +0 war axe!
Ouch! That really hurt!
You die...

# .## #.## #
#..##
#.####.#.#.#.g
#..<..(.......
#.####@######
# #o# #o# .o.
... #....
##.## #.#


You could see an orc warrior (extremely poisoned), an orc wizard (invisible), an
orc and a goblin (asleep).

Vanquished Creatures
  Terence (D:2)
  An orc wizard (D:3)
  An adder (D:3)
  2 worms (D:3)
  A dart slug (D:3)
  5 orcs (D:3)
  3 ball pythons (D:3)
  6 bats
  4 endoplasms
  2 giant cockroaches
  4 goblins
  7 hobgoblins
  10 jackals
  3 quokkas
  4 frilled lizards
  10 kobolds
  6 rats
70 creatures vanquished.

Vanquished Creatures (others)
  5 plants (D:3)
5 creatures vanquished.

Grand Total: 75 creatures vanquished

Notes
Turn   | Place    | Note
-------+----------+-------------------------------------------
     0 | D:1      | styxcanada the Spriggan Brigand began the quest for the
                  | Orb.
     0 | D:1      | Reached XP level 1. HP: 10/10 MP: 2/2
    32 | D:1      | Reached skill level 6 in Stealth
   294 | D:1      | Reached XP level 2. HP: 14/14 MP: 3/3
  1061 | D:2      | Reached XP level 3. HP: 5/18 MP: 4/4
  1396 | D:2      | Reached skill level 7 in Stealth
  1935 | D:2      | Noticed Terence
  1938 | D:2      | Killed Terence
  1939 | D:2      | Reached XP level 4. HP: 23/23 MP: 5/5
  2727 | D:2      | Learned a level 3 spell: Confusing Touch
  2780 | D:3      | Reached skill level 1 in Spellcasting
  2910 | D:3      | Reached skill level 8 in Stealth
  2913 | D:3      | Found a faded altar of an unknown god.
  2934 | D:3      | Reached XP level 5. HP: 26/26 MP: 7/7
  3503 | D:4      | Noticed an orc warrior
  3507 | D:4      | Mangled by an orc warrior

Illustrated notes

Levels and vault maps discovered:
D:1:      psy_arrival_conway, layout_loops_ring, patterned_corridor
D:2:      mumra_celtic_spiral_tile, layout_basic, minmay_goblin_kobold_house,
          uniq_terence
D:3:      layout_loops_ring, ebering_ecumenical_altar_rust, serial_bayou,
          serial_bayou_pond_d, serial_bayou_shore_b, serial_bayou_lagoon_b,
          serial_bayou_ford_a
D:4:      layout_loops_ring, lemuel_mausoleum_altar_yredelemnul,
          mainiacjoe_overflow_big_doors, portal_sewer_entry_e,
          guppyfry_early_orc_mine

Skill      XL: |  1  2  3  4 |
---------------+-------------+-----
Stealth        | 6 7 8 |  8.1
Dodging        | 2 |  2.7
Fighting       | 2 |  2.0
Spellcasting   | 1 |  1.2
Short Blades   | |  2.6
Throwing       | |  2.3

Action                   |  1- 3 |  4- 6 || total
-------------------------+-------+-------++-------
Melee: Dagger            |   116 |       ||   116
       Short sword       |       |    54 ||    54
Throw: Dart              |     8 |    10 ||    18
  Use: Scroll            |       |     3 ||     3
       Potion            |       |     1 ||     1
 Stab: Sleeping          |    12 |    13 ||    25
       Distracted        |       |     1 ||     1
Armor: Robe              |    13 |     3 ||    16
Dodge: Dodged            |    77 |    36 ||   113
